 Dungeon Crawl Stone Soup version 0.30-a0-377-g5cb311bc9f (webtiles) character file.

Game seed: 10336817805358530378

53 bande the Covered (level 3, -9/23 HPs)
             Began as a Gargoyle Fighter on Nov 29, 2022.
             Killed from afar by Sigmund (11 damage)
             ... with a puff of flame
             ... on level 2 of the Dungeon.
             The game lasted 00:01:52 (860 turns).

bande the Covered (Gargoyle Fighter)                 Turns: 860, Time: 00:01:52

Health: -9/23      AC: 10    Str: 19    XL:     3   Next: 89%
Magic:  3/3        EV:  9    Int:  8    God:
Gold:   68         SH:  4    Dex: 11    Spells: 2/2 levels left

rFire   . . .      SeeInvis .    a - +0 war axe
rCold   . . .      Faith    .    c - +0 buckler
rNeg    + . .      Spirit   .    b - +0 scale mail
rPois   ∞          Reflect  .    (no helmet)
rElec   +          Harm     .    (no cloak)
rCorr   .          Rampage  .    (no gloves)
Will    .....                    (no boots)
Stlth   ..........               (no amulet)
HPRegen 0.23/turn                (no ring)
MPRegen 0.08/turn                (no ring)

@: no status effects
A: sickness immunity, AC +3, negative energy resistance 1, electricity
resistance, torment resistance 1, petrification resistance
a: no special abilities


You were on level 2 of the Dungeon.
You visited 1 branch of the dungeon, and saw 2 of its levels.

You collected 68 gold pieces.

Inventory:

Hand Weapons
 a - a +0 war axe (weapon)
Armour
 b - a +0 scale mail (worn)
 c - a +0 buckler (worn)
Scrolls
 f - a scroll of teleportation {unknown}
 g - a scroll of enchant weapon {unknown}
 h - a scroll of summoning {unknown}
 i - a scroll of poison {unknown}
 k - a scroll of amnesia {unknown}
 m - a scroll of enchant armour {unknown}
Potions
 d - a potion of might
 e - 2 potions of cancellation {unknown}
 j - a potion of brilliance {unknown}
 l - a potion of curing {unknown}


   Skills:
 + Level 3.6 Fighting
 + Level 2.6 Axes
 + Level 3.9 Armour
 + Level 3.6 Shields


You had 2 spell levels left.
You didn't know any spells.
Your spell library was empty.

Dungeon Overview and Level Annotations

Branches:
Dungeon (2/15)

Altars:

Annotations:
D:2 Sigmund


Innate Abilities, Weirdness & Mutations

You are immune to sickness and miasma.
Your stone body is resilient. (AC +3)
You are immune to poison.
You resist negative energy. (rN+)
You are resistant to electric shocks. (rElec)
You are resistant to unholy torment.
You are immune to petrification.


Message History

No target in view!
A magic dart appears from out of thin air!
The magic dart hits you!
There is an open door here.
You are confused.
You bump into the rock wall.
You bump into the rock wall.
You hear some strange, mumbled words.
Something tries to affect you, but you resist.
You're too confused to move!
A magic dart appears from out of thin air!
The magic dart hits you but does no damage.
You feel less confused. You block something's attack.
Something hits you but does no damage. Something hits you.
You barely miss something. Something hits you but does no damage.
You hit something but do no damage. Something hits you!
You closely miss something. Something hits you.
You hit something.
You hear some strange, mumbled words.
You are confused.
You bump into the rock wall.
Something hits you.
You completely miss something. Something hits you.
* * * LOW HITPOINT WARNING * * *
You closely miss something. Something hits you but does no damage.
You're too confused to move!
You barely miss something.
You feel less confused. Something hits you but does no damage.
You hit something but do no damage. Something hits you but does no damage.
You miss something.
Sigmund appears from thin air!
Reactivating autopickup.
Sigmund hits you with a +0 scythe.
* * * LOW HITPOINT WARNING * * *
You hit Sigmund.
Sigmund is moderately wounded.
Sigmund points at you and mumbles some strange words.
The puff of flame hits you!
You die...

#....###.##.#.......#
#....# #....+.......#
#....###.##.#.......#
#...........####+##.#
#.....##.#######. ...
#................ ..
#.....##.########
#.....##.#########
##..@@.....†...>..
#.##.##'######### #.
#........# #.
#........#
#...........+
#.##........# #.
#........# #.
#........# #........#


You could see Sigmund.

Vanquished Creatures
  2 adders
  A dart slug (D:2)
  3 ball pythons (D:1)
  6 endoplasms
  2 giant cockroaches (D:1)
  3 goblins (D:1)
  A hobgoblin (D:1)
  3 jackals (D:1)
  2 kobolds
  A quokka (D:1)
  A bat (D:1)
  2 frilled lizards
  3 rats (D:1)
30 creatures vanquished.

Notes
Turn   | Place    | Note
-------+----------+-------------------------------------------
     0 | D:1      | bande the Gargoyle Fighter began the quest for the Orb.
     0 | D:1      | Reached XP level 1. HP: 14/14 MP: 1/1
    52 | D:1      | Reached XP level 2. HP: 16/19 MP: 2/2
   587 | D:1      | Reached XP level 3. HP: 18/23 MP: 3/3
   828 | D:2      | Noticed Sigmund
   854 | D:2      | HP: 1/23 [something (6)]
   860 | D:2      | Killed from afar by Sigmund

Illustrated notes

Levels and vault maps discovered:
D:1:      shiori_shiawase, layout_basic, chequers_avenue
D:2:      layout_basic, uniq_sigmund

Skill      XL: |  1  2 |
---------------+-------+-----
Axes           | 2 |  2.6
Fighting       | |  3.6
Armour         | |  3.9
Shields        | |  3.6

Action                   || total
-------------------------++-------
Melee: War axe           ||    82
Armor: Scale mail        ||    62
Dodge: Dodged            ||    45
Block: Buckler           ||    16

Table legend: (Time is in decaauts)
 A = Elapsed time spent in this place.
 B = Non-inter-level travel time spent in this place.
 C = Inter-level travel time spent in this place.
 D = Time resting spent in this place.
 E = Time spent auto-exploring this place.
 F = Levels seen in this place.
 G = Mean time per level.
                   A        B        C        D        E       F      G
               +--------+--------+--------+--------+--------+-----+--------+
         Total |    897 |    884 |     13 |     18 |    621 |   2 |  448.5 |
       Dungeon |    897 |    884 |     13 |     18 |    621 |   2 |  448.5 |
               +--------+--------+--------+--------+--------+-----+--------+

Top non-repeatable levels by time:
     D:1: 660 daAuts
     D:2: 237 daAuts
